 Dungeon Sprint DCSS version 0.30-a0-824-g6c64550be9 (webtiles) character file.

Game seed: 15559194093093786315

24801 rocky1 the Bludgeoner (level 13, -9/118 HPs)
             Began as a Formicid Fighter on Feb 28, 2023.
             Was the Champion of Okawaru.
             Killed from afar by a tengu reaver (53 damage)
             ... with a bolt of lightning
             ... in the Dungeon (Sprint IX: "|||||||||||||||||||||||||||||").
             The game lasted 00:09:38 (2910 turns).

rocky1 the Bludgeoner (Formicid Fighter)            Turns: 2910, Time: 00:09:39

Health: -9/118     AC: 37    Str: 26    XL:     13   Next: 45%
Magic:  21/21      EV:  9    Int: 12    God:    Okawaru [******]
Gold:   303        SH:  8    Dex: 15    Spells: 12/12 levels left

rFire   + + .      SeeInvis +    l - +2 morningstar "Zaamixee" {heavy, rC+ Int+2}
rCold   + + .      Faith    .    c - +0 buckler
rNeg    . . .      Spirit   .    w - +11 gold dragon scales of Divine Compulsion {rPois rF+ rC+ Int+2 Dex+2 Stlth-}
rPois   +          Reflect  .    (helmet unavailable)
rElec   .          Harm     .    n - +0 cloak
rCorr   .          Rampage  .    m - +0 pair of gloves
Will    +....                    x - +1 pair of boots Stlth
                                 p - amulet of regeneration
HPRegen 1.19/turn                v - ring of protection from fire
MPRegen 0.17/turn                d - +4 ring of slaying

@: no status effects
A: permanent stasis, dig shafts and tunnels, antennae 3, four strong arms
a: Dig, Renounce Religion, Heroism, Finesse


You were in the Dungeon.
You worshipped Okawaru.
Okawaru was exalted by your worship.
You visited 1 branch You collected 1928 gold pieces.
You spent 1625 gold pieces at shops.

Inventory:

Hand Weapons
 h - a +0 great mace of draining
 l - the +2 morningstar "Zaamixee" (weapon) {heavy, rC+ Int+2}
   (You found it in the Dungeon)

   Int:       It affects your intelligence (+2).
   rC:        It protects you from cold.
 u - the +0 dire flail of Laceration {venom, rPois Str+3 Int+3}
   (Okawaru gifted it to you in the Dungeon)

   Str:       It affects your strength (+3).
   Int:       It affects your intelligence (+3).
   rPois:     It protects you from poison.
Missiles
 i - 4 curare-tipped darts
 q - a throwing net
 r - 5 javelins (quivered)
Armour
 c - a +0 buckler (worn)
 m - a +0 pair of gloves (worn)
 n - a +0 cloak (worn)
 w - the +11 gold dragon scales of Divine Compulsion (worn) {rPois rF+ rC+ Int+2 Dex+2 Stlth-}
   (You found it in the Dungeon)

   Int:       It affects your intelligence (+2).
   Dex:       It affects your dexterity (+2).
   rF:        It protects you from fire.
   rC:        It protects you from cold.
   rPois:     It protects you from poison.
   Stlth:     It makes you less stealthy.
 x - a +1 pair of boots (worn)
Jewellery
 d - a +4 ring of slaying (right hand)
 p - an amulet of regeneration (around neck)
 v - a ring of protection from fire (left hand)
Wands
 k - a wand of acid (15)
Scrolls
 a - 5 scrolls of enchant armour
 b - 2 scrolls of fear
 j - 2 scrolls of amnesia
 y - 2 scrolls of identify
Potions
 e - 5 potions of curing
 f - 3 potions of heal wounds
 g - 4 potions of magic
 s - 2 potions of mutation
 z - 3 potions of might
 A - a potion of brilliance


   Skills:
 + Level 16.2 Fighting
 + Level 18.4 Maces & Flails
 + Level 8.2 Throwing
 + Level 15.2 Armour
 + Level 8.1 Dodging
 - Level 6.7 Stealth
 + Level 15.7 Shields
 - Level 11.3 Invocations
 + Level 8.8 Evocations


You had 12 spell levels left.
You didn't know any spells.
Your spell library was empty.

Dungeon Overview and Level Annotations

Branches:
Dungeon (1/1)

Altars:
Cheibriados
Dithmenos
Elyvilon
Fedhas
Gozag
Hepliaklqana
Kikubaaqudgha
Makhleb
Nemelex Xobeh
Okawaru
Qazlal
Ru
Sif Muna
Trog
Uskayaw
Vehumet
Wu Jian
Xom
Yredelemnul
Zin
The Shining One
Jiyva
Lugonu

Shops:
D ?(==


Innate Abilities, Weirdness & Mutations

You cannot be hasted, slowed, berserked, paralysed or teleported.
You can dig through walls and to a lower floor.
You have a pair of large antennae on your head. (SInv)
Your four strong arms can wield two-handed weapons with a shield.


Message History

You puncture the tengu reaver!
The tengu reaver is lightly wounded.
The tengu reaver hits you but does no damage.
The tengu reaver pecks you but does no damage.
The tengu reaver claws you but does no damage.
You barely miss the tengu reaver.
The tengu reaver is lightly wounded.
The tengu reaver points at you and mumbles some strange words.
The bolt of fire misses you.
You bludgeon the tengu reaver!!
The tengu reaver is moderately wounded.
The tengu reaver casts a spell at you. The bolt of lightning hits you!!
You barely miss the tengu reaver.
The tengu reaver is moderately wounded.
The tengu reaver barely misses you. You block the tengu reaver's attack.
The tengu reaver claws you but does no damage.
You hit the tengu reaver.
The tengu reaver is moderately wounded.
The tengu reaver hits you but does no damage.
The tengu reaver pecks you but does no damage.
You block the tengu reaver's attack.
You miss the tengu reaver.
The tengu reaver is moderately wounded.
The tengu reaver hits you but does no damage.
You block the tengu reaver's attack. The tengu reaver claws you.
You hit the tengu reaver.
The tengu reaver is moderately wounded.
The tengu reaver completely misses you. You block the tengu reaver's attack.
The tengu reaver claws you.
You miss the tengu reaver.
The tengu reaver is moderately wounded.
You block the tengu reaver's attack.
The tengu reaver pecks you but does no damage.
The tengu reaver claws you but does no damage.
You impale the tengu reaver!!
The tengu reaver is severely wounded.
The tengu reaver points at you and mumbles some strange words.
The bolt of lightning hits you!!!
You die...

{
▓.▓.▓.▓.▓.▓.▓_▓
{
▓.▓.▓.▓.▓.▓.▓_▓
{
▓.▓.▓.▓.▓.▓.▓_▓
{
▓.▓.▓.▓.▓.▓.▓_▓
{
▓.▓.▓'▓.▓.▓.▓_▓
{
▓)▓.▓)▓.▓)▓.▓'▓
{
▓†▓.▓)▓.▓†▓.▓.▓
{
▓)▓.▓.▓.▓.▓.▓.▓
{
▓@▓.▓.▓)▓.▓.▓)▓
▓Q▓.▓.▓.▓.▓.▓.▓
{
▓D▓.▓∩▓.▓.▓.▓.▓
{
▓.▓.▓)▓.▓.▓.▓.▓
{
▓.▓.▓∩▓.▓.▓.▓.▓
{
▓.▓.▓.▓.▓.▓.▓.▓
{
▓.▓.▓∩▓.▓[▓.▓.▓
{
▓.▓.▓.▓.▓(▓.▓)▓
{
{▓.▓∩▓.▓.▓.▓)▓


You could see an ice dragon and a tengu reaver.

Vanquished Creatures
  A tengu reaver (D)
  A frost giant (D)
  Josephine (D)
  Harold (D)
  2 fire dragons (D)
  3 centaur warriors (D)
  2 two-headed ogres (D)
  A boulder beetle (D)
  3 death yaks (D)
  A deep troll shaman (D)
  3 orc high priests (D)
  Urug (D)
  A skyshark (D)
  Sonja (D)
  A skeletal warrior (D)
  A wizard (D)
  An orc knight (D)
  3 orc sorcerers (D)
  A manticore (D)
  2 black mambas (D)
  2 elephants (D)
  Joseph (D)
  2 cane toads (D)
  A komodo dragon (D)
  A rime drake (D)
  A freezing wraith (D)
  A yaktaur (D)
  A troll (D)
  2 blink frogs (D)
  2 slime creatures (D)
  7 yaks (D)
  A shadow (D)
  4 wraiths (D)
  A basilisk (D)
  4 water moccasins (D)
  11 orc warriors (D)
  2 kobold brigands (D)
  2 orc priests (D)
  An iguana (D)
  3 orc wizards (D)
  2 gnolls (D)
  An adder (D)
  16 orcs (D)
  A hobgoblin (D)
  2 kobolds (D)
  A quokka (D)
  A frilled lizard (D)
105 creatures vanquished.

Vanquished Creatures (others)
  Erica (D)
  A deep elf pyromancer (D)
  A kobold demonologist (D)
  A howler monkey (D)
4 creatures vanquished.

Grand Total: 109 creatures vanquished

Notes
Turn   | Place    | Note
-------+----------+-------------------------------------------
     0 | D        | rocky1 the Formicid Fighter began the quest for the Orb.
     0 | D        | Reached XP level 1. HP: 18/18 MP: 1/1
    57 | D        | Noticed an iguana
    61 | D        | Reached XP level 2. HP: 25/25 MP: 2/2
    64 | D        | Reached skill level 5 in Shields
    68 | D        | Reached skill level 3 in Maces & Flails
    68 | D        | Reached skill level 5 in Armour
    68 | D        | Reached XP level 3. HP: 21/31 MP: 3/3
    74 | D        | Reached XP level 4. HP: 16/38 MP: 4/4
    76 | D        | Reached skill level 5 in Fighting
   263 | D        | Found a snail-covered altar of Cheibriados.
   263 | D        | Found a shadowy altar of Dithmenos.
   263 | D        | Found a white marble altar of Elyvilon.
   263 | D        | Found a blossoming altar of Fedhas.
   263 | D        | Found an opulent altar of Gozag.
   264 | D        | Found a hazy altar of Hepliaklqana.
   265 | D        | Found a viscous altar of Jiyva.
   266 | D        | Found an ancient bone altar of Kikubaaqudgha.
   267 | D        | Found a corrupted altar of Lugonu.
   268 | D        | Found a burning altar of Makhleb.
   269 | D        | Found a sparkling altar of Nemelex Xobeh.
   270 | D        | Found an iron altar of Okawaru.
   271 | D        | Found a stormy altar of Qazlal.
   272 | D        | Found a sacrificial altar of Ru.
   273 | D        | Found a shimmering blue altar of Sif Muna.
   274 | D        | Found a bloodstained altar of Trog.
   275 | D        | Found a hide-covered altar of Uskayaw.
   276 | D        | Found a radiant altar of Vehumet.
   277 | D        | Found an ornate altar of the Wu Jian Council.
   278 | D        | Became a worshipper of Warmaster Okawaru
   279 | D        | Found a shimmering altar of Xom.
   280 | D        | Found a basalt altar of Yredelemnul.
   281 | D        | Found a glowing silver altar of Zin.
   282 | D        | Found a glowing golden altar of the Shining One.
   298 | D        | Got the +2 morningstar "Zaamixee" {heavy, rC+ Int+2}
   333 | D        | Noticed a troll
   333 | D        | Noticed a kobold brigand
   333 | D        | Noticed a shadow
   333 | D        | Noticed a two-headed ogre
   333 | D        | Noticed a kobold brigand
   337 | D        | Killed a troll
   337 | D        | Reached * piety under Okawaru
   338 | D        | Reached skill level 6 in Maces & Flails
   338 | D        | Reached skill level 1 in Dodging
   338 | D        | Reached XP level 5. HP: 38/46 MP: 4/8
   338 | D        | Reached XP level 6. HP: 43/52 MP: 4/9
   340 | D        | Reached skill level 5 in Invocations
   340 | D        | Killed a shadow
   340 | D        | Reached ** piety under Okawaru
   341 | D        | Reached skill level 7 in Maces & Flails
   341 | D        | Reached XP level 7. HP: 46/59 MP: 4/11
   342 | D        | Killed a two-headed ogre
   342 | D        | Reached *** piety under Okawaru
   343 | D        | Reached skill level 9 in Maces & Flails
   343 | D        | Reached skill level 10 in Armour
   343 | D        | Reached skill level 10 in Shields
   343 | D        | Reached XP level 8. HP: 54/67 MP: 4/14
   355 | D        | Noticed a kobold demonologist
   355 | D        | Noticed a centaur warrior
   355 | D        | Noticed a manticore
   355 | D        | Noticed a slime creature
   355 | D        | Noticed a skeletal warrior
   355 | D        | Noticed a two-headed ogre
   357 | D        | Killed a kobold demonologist
   364 | D        | Killed a centaur warrior
   364 | D        | Reached **** piety under Okawaru
   365 | D        | Reached skill level 10 in Maces & Flails
   365 | D        | Reached XP level 9. HP: 53/74 MP: 8/16
   371 | D        | Killed a manticore
   372 | D        | Reached skill level 11 in Maces & Flails
   372 | D        | Reached skill level 5 in Stealth
   372 | D        | Reached skill level 10 in Invocations
   379 | D        | Killed a skeletal warrior
   379 | D        | Received a gift from Okawaru
   379 | D        | Reached ***** piety under Okawaru
   380 | D        | Reached skill level 12 in Maces & Flails
   380 | D        | Reached XP level 10. HP: 30/82 MP: 3/18
   382 | D        | Killed a two-headed ogre
   713 | D        | Noticed Urug
   724 | D        | Killed Urug
   725 | D        | Reached skill level 13 in Maces & Flails
   725 | D        | Reached skill level 5 in Dodging
   929 | D        | Noticed a cane toad
   934 | D        | Killed a cane toad
   935 | D        | Reached skill level 1 in Throwing
   940 | D        | Noticed a cane toad
   959 | D        | Received a gift from Okawaru
   961 | D        | Reached skill level 10 in Fighting
   967 | D        | Killed a cane toad
  1094 | D        | Noticed a black mamba
  1094 | D        | Noticed a black mamba
  1094 | D        | Noticed a rime drake
  1094 | D        | Noticed an elephant
  1096 | D        | Noticed a komodo dragon
  1098 | D        | Killed a rime drake
  1099 | D        | Reached XP level 11. HP: 92/92 MP: 19/19
  1101 | D        | Reached skill level 14 in Maces & Flails
  1101 | D        | Noticed an elephant
  1102 | D        | Noticed a skyshark
  1116 | D        | Reached skill level 5 in Evocations
  1116 | D        | Killed an elephant
  1120 | D        | Reached skill level 5 in Throwing
  1122 | D        | Killed an elephant
  1127 | D        | Killed a skyshark
  1127 | D        | Reached ****** piety under Okawaru
  1127 | D        | Received a gift from Okawaru
  1288 | D        | Noticed a death yak
  1288 | D        | Noticed a death yak
  1292 | D        | Noticed a death yak
  1295 | D        | Killed a death yak
  1296 | D        | Reached skill level 15 in Maces & Flails
  1298 | D        | Killed a death yak
  1305 | D        | Killed a death yak
  1315 | D        | Identified the +1 mace "Molec" {venom, Fragile rPois Str+4
                  | Dex+3} (Okawaru gifted it to you in the Dungeon)
  1315 | D        | Received a gift from Okawaru
  1648 | D        | Noticed Joseph
  1650 | D        | Noticed Sonja
  1657 | D        | Killed Joseph
  1658 | D        | Reached XP level 12. HP: 70/102 MP: 20/20
  1665 | D        | Killed Sonja
  1807 | D        | Noticed Josephine
  1821 | D        | Killed Josephine
  1822 | D        | Reached skill level 16 in Maces & Flails
  1995 | D        | Identified the +0 dire flail of Laceration {venom, rPois
                  | Str+3 Int+3} (Okawaru gifted it to you in the Dungeon)
  1995 | D        | Received a gift from Okawaru
  2173 | D        | Found Kasysein's Magic Scroll Emporium.
  2173 | D        | Noticed an orc high priest
  2173 | D        | Noticed an orc high priest
  2174 | D        | Noticed an orc high priest
  2181 | D        | Killed an orc high priest
  2182 | D        | Found Oloenwus's Weapon Shoppe.
  2183 | D        | Killed an orc high priest
  2193 | D        | Found Borph's Jewellery Emporium.
  2194 | D        | Noticed a sun demon
  2209 | D        | Found Cexanih's Jewellery Shoppe.
  2214 | D        | Killed an orc high priest
  2220 | D        | Reached skill level 17 in Maces & Flails
  2291 | D        | Bought a scroll of enchant armour for 75 gold pieces
  2297 | D        | Bought a +4 ring of slaying for 780 gold pieces
  2376 | D        | Bought an amulet of regeneration for 420 gold pieces
  2443 | D        | Noticed Erica
  2448 | D        | Noticed Harold
  2453 | D        | Killed Erica
  2460 | D        | Killed Harold
  2460 | D        | Received a gift from Okawaru
  2666 | D        | Bought a ring of protection from fire for 350 gold pieces
  2790 | D        | Got the +11 gold dragon scales of Divine Compulsion {rPois
                  | rF+ rC+ Int+2 Dex+2 Stlth-}
  2838 | D        | Noticed a boulder beetle
  2838 | D        | Noticed a centaur warrior
  2845 | D        | Killed a boulder beetle
  2845 | D        | Received a gift from Okawaru
  2846 | D        | Reached XP level 13. HP: 100/114 MP: 19/21
  2846 | D        | Noticed a centaur warrior
  2847 | D        | Noticed a fire dragon
  2855 | D        | Killed a centaur warrior
  2856 | D        | Reached skill level 15 in Fighting
  2856 | D        | Noticed a tengu reaver
  2868 | D        | Noticed a frost giant
  2870 | D        | Noticed a fire dragon
  2870 | D        | Noticed a tengu reaver
  2871 | D        | Killed a centaur warrior
  2877 | D        | Noticed an ice dragon
  2878 | D        | Killed a fire dragon
  2879 | D        | Reached skill level 18 in Maces & Flails
  2881 | D        | Reached skill level 15 in Shields
  2890 | D        | Killed a tengu reaver
  2891 | D        | Reached skill level 15 in Armour
  2895 | D        | Killed a frost giant
  2900 | D        | Killed a fire dragon
  2910 | D        | Killed from afar by a tengu reaver

Illustrated notes

Levels and vault maps discovered:
D:        linesprint [early_d, line_temple, items_1, d_10, items_2, lair_1,
          lair_end, items_3, orc_1, orc_end, items_4, d_15, swamp_1, shoals_1,
          snake_1, spider_1, d_20, vaults_1, items_5, swamp_end, shoals_end,
          snake_end, spider_end, vaults_end, d_27, items_6, zot_1, zot_end,
          crypt_end, forest_end, elf_end, slime_end, tomb_end, abyss_end,
          pan_hell_end]

Skill      XL: |  1  2  3  4  5  6  7  8  9 10 11 12 13 |
---------------+----------------------------------------+-----
Fighting       | 4 6 7 8 10 12 14 16 | 16.2
Armour         | 4 5 7 8 10 11 12 13 14 15 | 15.2
Shields        | 5 8 9 10 11 12 13 15 | 15.7
Maces & Flails | 3 6 7 9 10 12 13 15 17 18 | 18.4
Dodging        | 1 2 3 4 5 6 7 8 |  8.1
Invocations    | 4 6 8 9 10 11 | 11.3
Stealth        | 3 4 6 |  6.7
Throwing       | 3 6 8 |  8.2
Evocations     | 4 8 |  8.8

Action                     |  1- 3 |  4- 6 |  7- 9 | 10-12 | 13-15 || total
---------------------------+-------+-------+-------+-------+-------++-------
  Melee: Flail             |    39 |     2 |       |       |       ||    41
         Morningstar       |       |     6 |    22 |   223 |    60 ||   311
  Throw: Javelin           |       |       |       |    10 |       ||    10
         Dart              |       |       |       |     2 |       ||     2
 Invoke: Heroism           |       |       |     1 |     5 |       ||     6
         Finesse           |       |       |     1 |     2 |       ||     3
    Use: Potion            |       |     1 |     1 |     4 |       ||     6
   Stab: Invisible         |       |     1 |     3 |       |       ||     4
         Sleeping          |       |       |       |     1 |       ||     1
 Armour: Scale mail        |     8 |     5 |    16 |    48 |       ||    77
         Gold dragon scale |       |       |       |     2 |    72 ||    74
  Dodge: Dodged            |    13 |     6 |    23 |    77 |    27 ||   146
  Block: Buckler           |    10 |     5 |     6 |    74 |    38 ||   133

Table legend: (Time is in decaauts)
 A = Elapsed time spent in this place.
 B = Non-inter-level travel time spent in this place.
 C = Inter-level travel time spent in this place.
 D = Time resting spent in this place.
 E = Time spent auto-exploring this place.
 F = Levels seen in this place.
 G = Mean time per level.
                   A        B        C        D        E       F      G
               +--------+--------+--------+--------+--------+-----+--------+
         Total |   2911 |   2731 |    180 |   1494 |      0 |   1 | 2911.0 |
       Dungeon |   2911 |   2731 |    180 |   1494 |      0 |   1 | 2911.0 |
               +--------+--------+--------+--------+--------+-----+--------+

Top non-repeatable levels by time:
       D: 2911 daAuts
